Arrhythmia, lawful female dwarven Valkyrie ---------- |........| |........| |...d....| ....d@...| |........| |....%...| -----:---- # ------ ###########-....| # |....| # ###.....| # 0#### |....| # ### ------ -|--- # |(...##### |<%.| |...| ----- Arrhythmia the Woman-at-arms Experience level: 12 Strength: 18/02 Dexterity: 16 Constitution: 18 Intelligence: 8 Wisdom: 14 Charisma: 11 Health: 0(137) Energy: 25(25) AC: -5 Gold: 507 Moves: 12683 Your Inventory: Coins $ - 507 gold pieces Amulets v - an [uncursed] amulet of ESP (being worn) Weapons a - the blessed rustproof +1 Excalibur (weapon in hand) b - 2 uncursed +0 daggers Armor c - an uncursed rotted +3 small shield (being worn) g - an uncursed +0 pair of jumping boots (being worn) n - an [uncursed] +0 elven mithril-coat (being worn) q - an [uncursed] very burnt +0 cloak of protection (being worn) x - an uncursed corroded +0 dwarvish iron helm (being worn) Comestibles d - 5 uncursed food rations Q - 2 [uncursed] tripe rations Scrolls R - an [uncursed] scroll labeled MAPIRO MAHAMA DIROMAT [of earth] S - a [cursed] scroll labeled MAPIRO MAHAMA DIROMAT [of earth] Spellbooks V - an [uncursed] spellbook of wizard lock Potions e - an [uncursed] sky blue potion [of see invisible] k - an uncursed potion of oil Rings U - an uncursed plain ring [of poison resistance] Wands u - an uncursed wand of digging [0:2] F - an uncursed wand of striking (0:0) W - an uncursed iridium wand [of opening (0:7)] Z - an uncursed wand of magic missile [0:3] Tools f - an uncursed bag [sack] i - an uncursed blindfold p - an uncursed [+0] unicorn horn [of frost and warning] K - an uncursed key [skeleton key] L - an uncursed looking glass [mirror] Gems X - an [uncursed] blue gem [worthless glass] Contents of the sack: an uncursed [+0] pick-axe [of telepathy] Spells known in the end: Name Level Category Fail Memory a - jumping 1 escape 100% [|||||||.] b - detect monsters 1 divination 100% [|||||||.] c - fireball 4 attack 100% [|||||||.] d - wizard lock 2 matter 100% [||||||||] Your skills at the end: Fighting Skills body armor [Basic / Skilled] shield [Skilled / Expert] Weapon Skills dagger [Basic / Expert] long sword [Expert / Expert] Spellcasting Skills Final Attributes: You were piously aligned. Hunger level was -257. Your alignment was 67 / 73. Monster difficulty range was 1 - 10. Level difficulty was 9. You were immune to cold. You resisted sleep. You resisted poison. You were immune to level-drain. You were telepathic. You had automatic searching. You had infravision. You were stealthy. You could jump. You were fast. Your luck was zero. You are dead. Vanquished creatures: 2 vampires a flesh golem a large mimic a wumpus a baby purple worm a stalker a black naga a xorn 6 small mimics an ettin mummy a quantum mechanic a troll 2 pyrolisks a flaming sphere 2 shocking spheres a tiger a tengu 2 ochre jellies a leocrotta 2 mountain centaurs 2 elf mummies 2 ettin zombies a leather golem a Grey-elf a chameleon a crocodile a giant beetle a cockatrice 3 wolves a winter wolf cub a lynx a panther a gremlin 3 leprechauns an orc-captain 3 iron piercers 2 giant spiders a horse 2 ice vortices 3 black lights 2 vampire bats 2 gnome kings 4 brown puddings an owlbear 3 Green-elves a dog 6 dingos a housecat a jaguar a dwarf lord a blue jelly 2 gray unicorns a dust vortex a raven 3 plains centaurs 4 gnome mummies a snake 8 human zombies a rope golem 2 Woodland-elves 4 soldier ants a bugbear 3 wood nymphs 2 water nymphs 3 Uruk-hai an orc shaman 3 rock piercers an enormous rat 2 rock moles a pony 2 fog clouds 2 yellow lights a shrieker 11 gnome lords 2 gnomish wizards 3 kobold mummies a red naga hatchling 2 black naga hatchlings a guardian naga hatchling 2 gray oozes 7 elf zombies 2 ghouls a straw golem 2 paper golems a wax golem 2 baby crocodiles a little dog 5 floating eyes 2 kittens 12 dwarves 2 homunculi a kobold lord a kobold shaman 5 hill orcs 6 rothes a rabid rat a centipede a giant bat a monkey 3 orc zombies 8 dwarf zombies 2 werejackals 4 iguanas 3 killer bees 6 acid blobs 3 gas spores 2 hobbits 2 manes 3 hobgoblins 4 giant rats 3 cave spiders a brown mold 4 yellow molds a green mold a red mold 66 gnomes 14 garter snakes 2 gnome zombies 2 geckos 11 jackals a fox a goblin 4 sewer rats 4 grid bugs a bat 8 lichens 4 kobold zombies 4 newts 382 creatures vanquished. Voluntary challenges: You used a wielded weapon 482 times. You read items or engraved 21 times. You put on armor 32 times. You never genocided any monsters. You never polymorphed an object. You never changed form. You used no wishes. You wrote Elbereth's name 11 times. You encountered 1 bones level. You never used any Sokoban shortcuts. Dungeon overview: The Dungeons of Doom: levels 1 to 9 Level 1 a long staircase Level 2 a scroll shop stairs to The Gnomish Mines Level 3 an altar to Tyr, a fountain Level 4 many fountains Level 5 many fountains Level 6 stairs to Sokoban Level 7 a fountain Level 8 a general store stairs to Town Level 9 <- You were here The Gnomish Mines: levels 3 to 10 Level 3 stairs to The Dungeons of Doom Level 6 some shops, a temple to Tyr, a magic chest, some fountains Level 10 some fountains Sokoban: Level 5 a magic chest stairs to The Dungeons of Doom Town: Level 7 stairs to The Dungeons of Doom History has recorded: On T:1 you entered the Dungeons of Doom to retrieve the Amulet of Yendor! On T:367 you reached level 2 of The Dungeons of Doom. On T:524 you advanced to experience level 2. On T:602 you advanced to experience level 3. On T:669 you advanced to experience level 4. On T:725 you reached level 3 of The Dungeons of Doom. On T:1006 you advanced to experience level 5. On T:1147 you reached level 1 of The Gnomish Mines. On T:1273 you advanced to experience level 6. On T:2086 you advanced to experience level 7. On T:2771 you reached level 2 of The Gnomish Mines. On T:3570 you received Mjollnir from Tyr. On T:3734 you advanced to experience level 8. On T:3974 you reached level 4 of The Dungeons of Doom. On T:4215 you reached level 5 of The Dungeons of Doom. On T:4785 you reached level 6 of The Dungeons of Doom. On T:5549 you reached level 3 of The Gnomish Mines. On T:5896 you reached level 4 of The Gnomish Mines. On T:5947 you advanced to experience level 9. On T:6399 you received a rustproof katana of searching from Tyr. On T:7216 you reached level 5 of The Gnomish Mines. On T:7516 you reached level 6 of The Gnomish Mines. On T:7880 you reached level 7 of The Gnomish Mines. On T:7976 you advanced to experience level 10. On T:8573 you reached level 8 of The Gnomish Mines. On T:10606 you reached level 3 of Sokoban. On T:10886 you reached level 7 of The Dungeons of Doom. On T:11693 you reached level 8 of The Dungeons of Doom. On T:11965 you reached level 3 of Town. On T:12019 you reached level 9 of The Dungeons of Doom. Latest messages: [HP-3=24] The winter wolf cub bites! The winter wolf bites! [HP-1=23] The winter wolf cub bites! The winter wolf misses. [HP-1=22] The winter wolf cub bites! The winter wolf just misses! [HP-4=18] The winter wolf cub bites! The winter wolf bites! [HP-4=14] The winter wolf cub bites! The winter wolf just misses! [HP-6=8] The winter wolf cub misses. The winter wolf bites! [HP-4=4] The winter wolf cub misses. The winter wolf bites! You die... Final status: Farvel Arrhythmia the Valkyrie... You died in The Dungeons of Doom on dungeon level 9 with 4215 points, and 507 pieces of gold, after 12683 moves. You were level 12 with a maximum of 137 hit points when you died.